 Dungeon Crawl Stone Soup version 0.30-b1-2-g02819fbbbe (webtiles) character file.

Game seed: 7915503682594652531

86 Arum the Shield-Bearer (level 4, 0/37 HPs)
             Began as a Formicid Fighter on May 12, 2023.
             Was a Follower of Lugonu.
             Slain by a goblin
             ... wielding a +0 club
             ... led by Robin
              (4 damage)
             ... on level 3 of the Dungeon.
             The game lasted 00:02:21 (1803 turns).

Arum the Shield-Bearer (Formicid Fighter)           Turns: 1803, Time: 00:02:22

Health: 0/37       AC: 11    Str: 23    XL:     4   Next: 78%
Magic:  4/4        EV:  6    Int:  7    God:    Lugonu [*.....]
Gold:   144        SH:  6    Dex: 19    Spells: 3/3 levels left

rFire   . . .        a - +0 quarterstaff
rCold   . . .        c - +0 buckler
rNeg    + . .        k - +0 plate armour
rPois   .            (helmet unavailable)
rElec   .            (no cloak)
rCorr   .            (no gloves)
SInv    +            (no boots)
Will    .....        (no amulet) Stlth
                     m - +6 ring of dexterity
HPRegen 0.26/turn    n - ring of positive energy
MPRegen 0.09/turn

%: no passive effects
@: mighty
A: permanent stasis, dig shafts and tunnels, antennae 3, four strong arms
a: Dig, Shaft Self, Renounce Religion, Depart the Abyss


You were on level 3 of the Dungeon.
You worshipped Lugonu.
Lugonu was aware of your devotion.
You visited 1 branch of the dungeon, and saw 3 of its levels.

You collected 144 gold pieces.

Inventory:

Hand Weapons
 a - a +0 quarterstaff (weapon)
Missiles
 f - a throwing net
Armour
 c - a +0 buckler (worn)
 k - a +0 plate armour (worn)
Jewellery
 m - a +6 ring of dexterity (left hand)
 n - a ring of positive energy (right hand)
Scrolls
 b - 2 scrolls of magic mapping {unknown}
 i - a scroll of teleportation {unknown}
 j - 2 scrolls of immolation {unknown}
 l - a scroll of enchant armour {unknown}
 o - 2 scrolls of poison {unknown}
Potions
 e - a potion of haste {unknown}
 g - 2 potions of curing {unknown}
 h - a potion of lignification {unknown}


   Skills:
 + Level 4.0 Fighting
 + Level 2.8 Staves
 + Level 4.0 Armour
 + Level 4.8 Shields


You had 3 spell levels left.
You didn't know any spells.
Your spell library contained the following spells:

 Spells                   Type           Power      Damage    Failure   Level
 Necrotise                Necr           0%         1d4       100%        1
 Vampiric Draining        Necr           0%         2d6       100%        3
 Agony                    Necr           0%         N/A       100%        5


Dungeon Overview and Level Annotations

Branches:
Dungeon (3/15)

Altars:
Lugonu

Annotations:
D:3 Robin


Innate Abilities, Weirdness & Mutations

You cannot be hasted, slowed, berserked, paralysed or teleported.
You can dig through walls and to a lower floor.
You have a pair of large antennae on your head. (SInv)
Your four strong arms can wield two-handed weapons with a shield.


Message History

Robin roars a battlecry!
The goblin unwields a +0 dagger.
The goblin wields a +2 sling of electrocution.
You hear the crackle of electricity.
The goblin shoots a sling bullet.
The sling bullet barely misses you.
The goblin shoots a sling bullet.
You block the sling bullet.
The goblin shoots a sling bullet.
The sling bullet hits you but does no damage.
The goblin shoots a sling bullet.
The sling bullet hits you but does no damage.
The goblin shoots a sling bullet.
You block the sling bullet.
The goblin shoots a sling bullet.
The sling bullet hits you but does no damage.
You are electrocuted!
* * * LOW HITPOINT WARNING * * *
The hobgoblin no longer looks unusually strong.
The goblin no longer looks unusually strong.
The goblin shoots a sling bullet.
The sling bullet hits you.
* * * LOW HITPOINT WARNING * * *
The hobgoblin no longer looks unusually strong. x2
The goblin unwields a +2 sling of electrocution.
It stops crackling.
The goblin wields a +0 dagger.
The goblin hits you with a +0 dagger.
* * * LOW HITPOINT WARNING * * *
You sock the goblin!
You kill the goblin!
Lugonu accepts your kill.
You hear the slow rusting of a very distant drain.
The goblin no longer looks unusually strong. x2
You sock the jackal!
You kill the jackal!
Lugonu accepts your kill.
The goblin no longer looks unusually strong.
You sock the hobgoblin!
You kill the hobgoblin!
Lugonu accepts your kill.
You closely miss the goblin. The goblin hits you with a +0 club.
* * * LOW HITPOINT WARNING * * *
The goblin hits you with a +0 club.
You die...

.......#######
.......#......
#....$.#......
#....:.#......
#......# .....
#......###)...
#####gg....##g.)..
#@ggggg...........
#####gK.....##†{..
#{##..####{{..
#.##.### #.{..
#.##>..# ###{h
..##.#.# #.{
[.##.#.# #.{ #
...##.#.#####.g #
#. #.# #..........


You could see 2 hobgoblins, 6 goblins and a kobold.

Vanquished Creatures
  2 adders
  2 worms
  An orc (D:3)
  5 endoplasms
  2 giant cockroaches (D:1)
  5 goblins
  4 hobgoblins
  7 jackals
  3 quokkas
  5 ball pythons
  4 bats
  8 frilled lizards
  4 kobolds
  6 rats
58 creatures vanquished.

Notes
Turn   | Place    | Note
-------+----------+-------------------------------------------
     0 | D:1      | Arum the Formicid Fighter began the quest for the Orb.
     0 | D:1      | Reached XP level 1. HP: 18/18 MP: 1/1
   193 | D:1      | Reached XP level 2. HP: 24/24 MP: 2/2
   360 | D:1      | Reached XP level 3. HP: 20/29 MP: 3/3
  1223 | D:2      | Reached XP level 4. HP: 37/37 MP: 4/4
  1378 | D:2      | Noticed an eye of devastation
  1380 | D:2      | Found a faded altar of an unknown god.
  1382 | D:2      | Noticed a floating eye
  1382 | D:2      | Noticed a great orb of eyes
  1382 | D:2      | Noticed a shining eye
  1557 | D:2      | Prayed at the altar of an unknown god.
  1557 | D:2      | Became a worshipper of Lugonu the Unformed
  1557 | D:2      | Reached * piety under Lugonu
  1759 | D:3      | Noticed Robin
  1803 | D:3      | Slain by a goblin

Illustrated notes

Levels and vault maps discovered:
D:1:      amcnicky_arrival_gap_in_the_tavern_cellar, layout_basic
D:2:      layout_loops_ring, hellmonk_ecumenical_altar_watching_god, st_stairs_8
D:3:      layout_basic, gup_sewer_entry_bubbles, kennysheep_nondescript,
          minmay_tree_intersection, uniq_robin, uniq_natasha

Skill      XL: |  1  2  3  4 |
---------------+-------------+-----
Fighting       | 4 |  4.0
Armour         | 4 |  4.0
Staves         | |  2.8
Shields        | |  4.8

Action                     |  1- 3 |  4- 6 || total
---------------------------+-------+-------++-------
  Melee: Quarterstaff      |   109 |    45 ||   154
    Use: Potion            |       |     1 ||     1
 Armour: Scale mail        |    48 |       ||    48
         Plate armour      |    11 |    32 ||    43
  Dodge: Dodged            |    51 |    13 ||    64
  Block: Buckler           |    39 |    11 ||    50
